 Dungeon Crawl Stone Soup version 0.31-a0-1300-gb6740aa4e6 (webtiles) character file.

Game seed: 17727125850436355133

2406106 freelancePsychic the Cloud Mage (level 27, 241/246 HPs)
             Began as a Demigod Fire Elementalist on Dec 16, 2023.
             Escaped with the Orb
             ... and 1 gem
             ... and 4 runes on Dec 19, 2023!
             The game lasted 03:20:19 (74852 turns).

freelancePsychic the Cloud Mage (DgFE)             Turns: 74852, Time: 03:20:19

Health: 241/246    AC: 19    Str: 10    XL:     27
Magic:  48/48      EV: 40    Int: 57    God:
Gold:   4919       SH:  0    Dex: 34    Spells: 22/56 levels left

rFire   + + .        F - staff of air
rCold   + + .        B - crystal ball of Wucad Mu {*channel}
rNeg    . . .        M - +4 ring mail "Tusuqu Haga" {rC+ Dex+9}
rPois   +            A - +0 helmet of the Dropbear {rPois Int+4}
rElec   +            q - scarf {rC+ rF+}
rCorr   .            K - +2 pair of gloves {Str+3}
SInv    .            I - +2 pair of boots
Will    ++...        l - amulet of magic regeneration
Stlth   ++           m - ring "Xousch" {^Contam rPois rF+ Int+3 Dex+3}
HPRegen 0.61/turn    G - ring "Vesegeni" {rPois EV+5 Int+5}
MPRegen 0.71/turn

%: channel magic (40%)
@: studying Long Blades
A: high MP 1, forlorn, divine attributes, deformed body, weak 1
0: Orb of Zot
}: 4/15 runes: decaying, slimy, silver, gossamer
a: no special abilities


You escaped.
You visited 11 branches of the dungeon, and saw 55 of its levels.
You visited the Abyss 1 time.
You also visited: Bailey, Gauntlet and Wizlab.

You collected 9076 gold pieces.
You spent 4157 gold pieces at shops.

Inventory:

Missiles
 v - 24 curare-tipped darts
 U - 3 throwing nets
Armour
 h - the sphere of Battle
   (You found it on level 3 of the Elven Halls)

   Battle:    It summons a battlesphere in combat, with strength depending on
   Conjurations skill.
   Destructive: It enhances your destructive magic, and weakens non-destructive
   magic.
 q - a scarf of resistance (worn)
 A - the +0 helmet of the Dropbear (worn) {rPois Int+4}
   (You bought it in a shop on level 11 of the Dungeon)

   Int+4:     It affects your intelligence (+4).
   rPois:     It protects you from poison
 B - the crystal ball of Wucad Mu (worn) {*channel}
   (You found it in a wizard's laboratory)

   *Channel:  It often returns the magic spent to cast spells, but lowers their
   success rate.
   It always returns the magic spent on miscasts.
 I - a +2 pair of boots (worn)
 K - a +2 pair of gloves of strength (worn)
 M - the +4 ring mail "Tusuqu Haga" (worn) {rC+ Dex+9}
   (You found it on level 3 of the Elven Halls)

   Dex+9:     It affects your dexterity (+9).
   rC+:       It protects you from cold.
Magical Staves
 F - a staff of air (weapon)
Jewellery
 c - a +5 ring of evasion
 l - an amulet of magic regeneration (around neck)
 m - the ring "Xousch" (left hand) {^Contam rPois rF+ Int+3 Dex+3}
   (You found it on level 3 of the Elven Halls)

   [ring of poison resistance]

   Int+3:     It affects your intelligence (+3).
   Dex+3:     It affects your dexterity (+3).
   rF+:       It protects you from fire.
   rPois:     It protects you from poison ^Contam: It causes magical
   contamination when unequipped.
 G - the ring "Vesegeni" (right hand) {rPois EV+5 Int+5}
   (You bought it in a shop on level 15 of the Dungeon)

   [ring of evasion]

   EV+5:      It affects your evasion (+5).
   Int+5:     It affects your intelligence (+5).
   rPois:     It protects you from poison
 T - the ring of the Dragon {Wiz *Slow Will+ Str+3 Int+2}
   (You found it on level 3 of the Elven Halls)

   [ring of wizardry]

   Wiz:       It improves your spell success rate.
   Str+3:     It affects your strength (+3).
   Int+2:     It affects your intelligence (+2).
   Will+:     It increases your willpower.
   *Slow:     It may slow you when you take damage.
Talismans
 E - a talisman of death
Wands
 b - a wand of flame (84)
 k - a wand of light (53)
 C - a wand of digging (13)
 H - a wand of polymorph (33)
 Q - a wand of roots (32)
 Z - a wand of charming (54)
Scrolls
 d - 7 scrolls of noise
 i - 12 scrolls of amnesia
 r - a scroll of blinking
 s - 5 scrolls of summoning
 u - 8 scrolls of fear
 w - 7 scrolls of immolation
 y - 3 scrolls of teleportation {@r4}
 D - 10 scrolls of vulnerability
 L - 46 scrolls of identify {@r1}
 O - 5 scrolls of silence
 P - 3 scrolls of brand weapon
 V - 7 scrolls of revelation
 W - 6 scrolls of fog
 X - 9 scrolls of enchant armour
 Y - 6 scrolls of poison
Potions
 a - 8 potions of ambrosia
 e - 6 potions of haste {@q3}
 f - a potion of heal wounds {@q2}
 g - 10 potions of might
 j - 10 potions of lignification
 n - 9 potions of curing {@q1}
 o - 2 potions of enlightenment
 p - 7 potions of resistance
 t - 2 potions of magic
 x - 2 potions of attraction
 J - 4 potions of invisibility
 N - 6 potions of mutation
 R - a potion of berserk rage
 S - 7 potions of degeneration


   Skills:
 - Level 20.0 Fighting
 - Level 7.3 Staves
 - Level 16.7 Armour
 - Level 22.7 Dodging
 - Level 8.7 Stealth
 - Level 7.0 Shields
 - Level 15.0 Spellcasting
 - Level 14.1 Conjurations
 - Level 4.6 Hexes
 - Level 5.0 Summonings
 - Level 4.4 Transmutations
 - Level 14.0 Fire Magic
 + Level 23.4 Air Magic
 - Level 2.3 Earth Magic
 - Level 3.4 Evocations


You had 22 spell levels left.
You knew the following spells:

 Your Spells              Type           Power      Damage    Failure   Level
a - Plasma Beam           Fire/Air       78%        2x1d95    1%          6
b - Scorch                Fire           100%       2d9       1%          2
c - Inner Flame           Hex/Fire       99%        N/A       1%          3
d - Summon Lightning Spi  Summ/Air       100%       N/A       1%          4
e - Arcjolt               Conj/Air       78%        1d88      1%          5
f - Foxfire               Conj/Fire      100%       2x1d9     1%          1
h - Irradiate             Conj/Tmut      49%        3d28      3%          5
i - Maxwell's Capacitive  Air            84%        ∞         2%          8

Your spell library contained the following spells:

 Spells                   Type           Power      Damage    Failure   Level
 Magic Dart               Conj           100%       1d8       1%          1
 Shock                    Conj/Air       100%       1d9       1%          1
 Summon Small Mammal      Summ           100%       N/A       1%          1
 Call Imp                 Summ           100%       N/A       1%          2
 Cigotuvi's Dreadful Rot  Necr/Pois/Air  100%       N/A       1%          2
 Jinxbite                 Hex            100%       N/A       1%          2
 Momentum Strike          Conj/Tloc      100%       3d10      1%          2
 Searing Ray              Conj           100%       2d8       1%          2
 Wereblood                Tmut           76%        N/A       1%          2
 Dazzling Flash           Conj/Hex       100%       N/A       1%          3
 Hailstorm                Conj/Ice       89%        3d14      1%          3
 Ignite Poison            Fire/Tmut/Pois 85%        N/A       1%          3
 Mephitic Cloud           Conj/Pois/Air  100%       N/A       1%          3
 Stone Arrow              Conj/Erth      100%       3d13      1%          3
 Swiftness                Air            100%       N/A       1%          3
 Volatile Blastmotes      Fire/Tloc      100%       2d18      1%          3
 Airstrike                Air            84%        2d(12-28) 1%          4
 Flame Wave               Conj/Fire      100%       2d21      1%          4
 Fulminant Prism          Conj/Hex       49%        3d21      1%          4
 Sticky Flame             Conj/Fire      100%       2d11      1%          4
 Vhi's Electric Charge    Tloc/Air       100%       N/A       1%          4
 Freezing Cloud           Conj/Ice/Air   67%        6-21      1%          5
 Silence                  Hex/Air        70%        N/A       1%          5
 Conjure Ball Lightning   Conj/Air       78%        3x3d30    1%          6
 Passwall                 Tmut/Erth      57%        N/A       2%          2
 Call Canine Familiar     Summ           79%        N/A       2%          3
 Summon Guardian Golem    Hex/Summ       78%        N/A       2%          3
 Tukima's Dance           Hex            77%        N/A       2%          3
 Iskenderun's Mystic Bla  Conj/Tloc      89%        2d17      2%          4
 Starburst                Conj/Fire      58%        6d16      2%          6
 Apportation              Tloc           84%        N/A       3%          1
 Freeze                   Ice            100%       1d10      3%          1
 Necrotise                Necr           100%       1d9       3%          1
 Ensorcelled Hibernation  Hex/Ice        100%       N/A       3%          2
 Blink                    Tloc           84%        N/A       4%          2
 Lesser Beckoning         Tloc           84%        N/A       4%          2
 Sublimation of Blood     Necr           42%        N/A       4%          2
 Animate Armour           Summ/Erth      100%       N/A       6%          4
 Leda's Liquefaction      Tmut/Erth      34%        N/A       6%          4
 Petrify                  Tmut/Erth      69%        N/A       6%          4
 Orb of Destruction       Conj           58%        9d14      7%          7
 Frozen Ramparts          Ice            84%        1d13      8%          3
 Gell's Gravitas          Tloc           42%        N/A       8%          3
 Ozocubu's Armour         Ice            42%        N/A       8%          3
 Teleport Other           Tloc           42%        N/A       8%          3
 Vampiric Draining        Necr           42%        2d9       8%          3
 Summon Ice Beast         Ice/Summ       64%        N/A       8%          4
 Dimensional Bullseye     Hex/Tloc       31%        N/A       9%          4
 Summon Mana Viper        Hex/Summ       78%        N/A       9%          5
 Yara's Violent Unravell  Hex/Tmut       38%        3d15      10%         5
 Bombard                  Conj/Erth      47%        9d8       11%         6
 Animate Dead             Necr           42%        N/A       17%         4
 Dispel Undead            Necr           42%        3d17      17%         4
 Manifold Assault         Tloc           42%        N/A       17%         4
 Passage of Golubria      Tloc           42%        N/A       17%         4
 Lee's Rapid Deconstruct  Erth           31%        3d16*     17%         5
 Summon Forest            Summ/Tloc      32%        N/A       17%         5
 Alistair's Intoxication  Tmut/Pois      41%        N/A       19%         5
 Borgnjor's Vile Clutch   Necr/Erth      27%        N/A       24%         5
 Spellforged Servitor     Conj/Summ      50%        N/A       24%         7
 Summon Cactus Giant      Summ           39%        N/A       28%         6
 Agony                    Necr           42%        N/A       34%         5
 Eringya's Noxious Bog    Tmut/Pois      31%        4d6       58%         6
 Summon Hydra             Summ           39%        N/A       75%         7
 Enfeeble                 Hex            38%        N/A       78%         7
 Death Channel            Necr           21%        N/A       83%         6
 Dispersal                Tloc           21%        N/A       83%         6
 Simulacrum               Ice/Necr       21%        N/A       83%         6
 Lehudib's Crystal Spear  Conj/Erth      47%        10d11     92%         8
 Haunt                    Necr/Summ      32%        N/A       96%         7
 Ozocubu's Refrigeration  Ice            21%        4d12      100%        7
 Discord                  Hex            38%        N/A       100%        8
 Disjunction              Tloc           21%        N/A       100%        8
 Infestation              Necr           21%        N/A       100%        8


Dungeon Overview and Level Annotations

Branches:
Dungeon (15/15)            Temple (0/1) D:7            Lair (5/5) D:10
  Swamp (4/4) Lair:3       Spider (4/4) Lair:3        Slime (5/5) Lair:4
    Orc (2/2) D:10            Elf (3/3) Orc:2        Vaults (5/5) D:13
  Crypt (3/3) Vaults:2       Tomb (0/3) Crypt:3      Depths (4/4) D:15
    Zot (5/5) Depths:4     Bailey (visited)          WizLab (visited)
Gauntlet (visited)

Shops:
D:4 *   D:10 *([   D:11 *   D:15 *   Orc:2 *=*[!   Vaults:3 :   Depths:1 :(

Portals:
Hell: Depths:1 Depths:3 Depths:4
Abyss: Depths:1 Depths:3 Depths:4
Pandemonium: Depths:1 Depths:2 Depths:3
Ziggurat: Depths:1

Annotations:
D:5 1 runed translucent door, Crazy Yiuf
D:8 2 runed translucent doors, exclusion: orange crystal statue
Lair:4 3 runed translucent doors, Twinkles's ghost, journeyman DrSh
Elf:2 3 runed translucent doors
Crypt:1 3 runed translucent doors, exclusion: obsidian statue, Hali's ghost, veteran FoFi
Depths:2 exclusion: orange crystal statue
Zot:4 3 runed translucent doors, Vaid's ghost, master GnFi


Innate Abilities, Weirdness & Mutations

You have an increased reservoir of magic. (+10% MP)
You shall have no god before yourself.
Your divine heritage dramatically boosts your attributes as you level up.
Armour fits poorly on your strangely shaped body.
You are weak. (Str -2)


Message History

You kill Mobrin!
Casting: Maxwell's Capacitive Coupling (mildly dangerous; 2% risk of failure)
Confirm with . or Enter, or press ? or * to list all spells.
Casting: Plasma Beam (mildly dangerous; 1% risk of failure)
Press: ? - help, Dir - look around, f - activate You feel a surge of power!
The bolt of lightning misses the sun demon.
The fiery plasma hits the sun demon.
The sun demon completely resists.
The sun demon is almost dead.
Magical energy flows into your mind! The sun demon completely misses you.
Casting: Plasma Beam (mildly dangerous; 1% risk of failure)
Confirm with . or Enter, or press ? or * to list all spells.
Casting: Plasma Beam (mildly dangerous; 1% risk of failure)
Press: ? - help, Dir - look around, f - activate You feel a surge of power!
The bolt of lightning misses the sun demon.
The fiery plasma misses the sun demon.
The sun demon completely misses you.
Casting: Plasma Beam (mildly dangerous; 1% risk of failure)
Confirm with . or Enter, or press ? or * to list all spells.
You feel a surge of power!
You begin accumulating electric charge. (Press . to continue charging.)
You feel charge building up... The sun demon completely misses you. x2
You feel charge building up... The sun demon completely misses you.
You feel charge building up... The sun demon completely misses you.
The electricity discharges through the sun demon!
The sun demon vaporises in an electric haze!
You kill the sun demon!
What level of the Dungeon? (default 1, ? - help)
There is a stone staircase leading up here.
You climb upwards.
There is a stone staircase leading down here.
You see here 6 stones.
There is an open door here.
Magic restored.
You open the door.
There is an open door here.
There is a large open door here.
There is a staircase leading out of the dungeon here.
Unknown command.
You have escaped!

.....................#...###'#'##
...........).........#....##.....
.(............###########..#.....
..............############.#.....
..............##........#..#...(.
.######.......##...##...'..#....÷
.# #.......##........'..#..... .#
#.......##........#..#..... .#
#.......##@.......#..#.#+## .#
#.......##........#..#.#.# ##
##########........+.(#.#.#
#...##...+..#.#.##
#........#........
###########....~~~ #.......>.~⌠.
#.####.#...~. #.# #.#.....


There were no monsters in sight!

Vanquished Creatures
  the Royal Jelly (Slime:5)
  5 dread liches
  8 orbs of fire (Zot:5)
  Mara (Vaults:4)
  4 ancient liches
  The ghost of ragingrage the Skinwalker, a legendary HuWn of Nemelex Xobeh (Zot:5)
  Xtahua (Crypt:2)
  the Lernaean hydra (Swamp:4)
  A pandemonium lord (D:2)
  Vv (Depths:3)
  Saint Roka (Depths:2)
  2 Killer Klowns (Zot:5)
  Bai Suzhen (Depths:2)
  5 curse toes
  4 caustic shrikes (Depths:3)
  Margery (Vaults:4)
  12 golden dragons
  A bone dragon (Crypt:2)
  A profane servitor (Crypt:3)
  3 electric golems
  A Tzitzimitl (Depths:2)
  16 tentacled monstrosities
  A walking crystal tome (Depths:3)
  A searing wretch (Vaults:4)
  10 liches
  2 deep elf blademasters (Elf:3)
  26 Orb Guardians
  2 titans (Vaults:5)
  17 acid blobs
  2 deep elf master archers (Elf:3)
  4 quicksilver dragons
  11 sphinxes
  3 Executioners (Zot:4)
  9 ancient champions
  11 death cobs
  4 tengu reavers
  Donald (Spider:3)
  A thorn hunter (Swamp:3)
  11 shadow dragons
  14 storm dragons
  12 rockslimes
  7 azure jellies (Slime:5)
  3 revenants
  6 draconian monks
  6 draconian shifters
  4 iron dragons
  9 fire giants
  2 fenstrider witches
  6 protean progenitors
  5 deep elf sorcerers
  11 draconian scorchers
  8 frost giants
  5 draconian knights
  8 ghost moths
  26 vault wardens
  A draconian stormcaller (Zot:2)
  2 emperor scorpions
  4 deep elf elementalists (Elf:3)
  5 spectral juggernauts (Depths:2)
  8 curse skulls
  7 ghouls
  2 orc warlords
  4 balrugs (Zot:4)
  A reaper (Crypt:2)
  A demonspawn blood saint (D:14)
  A spriggan defender (Depths:3)
  A caustic shrike zombie (Crypt:3)
  4 war gargoyles
  22 ironbound preservers
  6 draconian annihilators
  8 quicksilver oozes
  14 ironbound thunderhulks
  4 formless jellyfish
  2 broodmothers
  18 very ugly things
  9 green draconians
  5 bunyips (Swamp:2)
  3 eleionomae
  12 stone giants
  10 deep elf demonologists
  8 red draconians
  15 vampire knights
  18 deep elf death magi
  11 dire elephants
  6 purple draconians
  2 spectral titans (Depths:2)
  7 white draconians
  9 black draconians
  13 yellow draconians
  8 eidola
  6 deep elf annihilators
  2 orange crystal statues
  11 spark wasps
  5 crystal guardians
  9 ettins
  A fenstrider witch zombie (Crypt:2)
  11 fire dragons
  5 blizzard demons
  A spectral spriggan (Depths:2)
  4 deep elf high priests
  3 shambling mangroves (Swamp:4)
  14 jiangshi
  4 spectral golden dragons (Depths:2)
  16 yaktaur captains
  8 entropy weavers
  A quicksilver dragon zombie (Depths:3)
  10 great orbs of eyes
  A quicksilver dragon skeleton (Vaults:4)
  33 vault guards
  8 ice dragons
  3 spectral tengu (Depths:2)
  15 hydras
  2 rakshasas (Abyss:3)
  5 peacekeepers
  A spectral shadow dragon (Depths:2)
  2 spectral sphinxes (Depths:2)
  An ogre mage (Vaults:5)
  8 ironbound frosthearts
  A caustic shrike simulacrum (Depths:2)
  A jorogumo (Spider:2)
  2 juggernaut simulacra (Depths:2)
  10 alligators
  3 radroaches
  A spriggan skeleton (Crypt:3)
  5 boulder beetles
  2 two-headed ogres
  4 spriggan air magi
  10 centaur warriors
  A fenstrider witch skeleton (Crypt:1)
  3 death knights
  2 spectral frost giants (Depths:2)
  4 deep troll shamans
  11 death yaks
  3 spectral storm dragons (Depths:2)
  5 deep troll earth magi
  5 spriggan berserkers
  3 tengu warriors
  A bennu skeleton (Crypt:3)
  2 spectral fire giants (Depths:2)
  10 dancing weapons
  12 demonic crawlers
  A titan zombie (Depths:3)
  An orc high priest (Orc:2)
  14 hell knights
  5 soul eaters
  15 vampire magi
  2 sun demons
  4 deep elf knights
  3 wretched stars
  A sun moth (Spider:4)
  A titan skeleton (Depths:3)
  A death drake (shapeshifter) (Depths:3)
  5 pharaoh ants
  7 iron trolls
  A shadow wraith (Vaults:5)
  29 skeletal warriors
  A storm dragon skeleton (Crypt:1)
  2 spriggan druids
  4 death drakes
  An iron giant zombie (Crypt:3)
  A quicksilver dragon simulacrum (Abyss:3)
  3 spectral iron dragons (Depths:2)
  12 orb spiders
  5 large abominations
  6 goliath frogs
  An anaconda zombie (Abyss:3)
  61 deep trolls
  A deep troll (shapeshifter) (Depths:3)
  A bunyip skeleton (Crypt:3)
  A spriggan simulacrum (Depths:2)
  5 bog bodies
  13 flayed ghosts
  An obsidian statue (Zot:5)
  2 glowing orange brains
  18 lindwurms
  13 swamp dragons
  13 deep elf archers
  6 necromancers
  9 arcanists
  20 phantasmal warriors
  15 harpies
  13 ironbound convokers
  An iron dragon zombie (Crypt:2)
  An iron giant skeleton (Crypt:2)
  22 deep elf pyromancers
  10 orc knights
  21 wolf spiders
  A sphinx simulacrum (Depths:2)
  10 deep elf zephyrmancers
  2 steelbarb worms
  3 mana vipers
  4 cyclopes
  A will-o-the-wisp (Swamp:4)
  5 shining eyes
  An orc sorcerer (Orc:2)
  A salamander (D:15)
  37 ugly things
  29 moths of wrath
  An iron dragon skeleton (Crypt:1)
  An alligator skeleton (Crypt:2)
  4 kobold blastminers (Orc:2)
  2 manticores
  A water nymph (Abyss:3)
  3 worldbinders (Abyss:3)
  2 black mambas (Lair:1)
  3 titan simulacra (Depths:2)
  Joseph (D:8)
  2 eyes of devastation
  A frost giant skeleton (Depths:3)
  3 gargoyles (D:12)
  3 orange demons
  4 torpor snails (Spider:3)
  28 vault sentinels
  9 elephants
  2 storm dragon simulacra
  13 cane toads
  An unseen horror (Abyss:3)
  2 red draconian zombies
  An unseen horror zombie (Crypt:2)
  5 komodo dragons
  2 hellions
  30 yaktaurs
  5 spectral glowing shapeshifters (Depths:2)
  2 rime drakes
  2 tormentors
  3 tengu conjurers
  9 freezing wraiths
  2 golden dragon simulacra (Depths:2)
  An efreet (Abyss:3)
  A spectral human (Depths:2)
  2 red devils
  A harpy zombie (Crypt:3)
  An ice devil (D:9)
  A great orb of eyes zombie (Crypt:2)
  A sea snake skeleton (Crypt:3)
  A white draconian skeleton (Crypt:2)
  9 trolls
  3 meliai (Spider:2)
  7 tyrant leeches
  A raiju (shapeshifter) (Elf:3)
  26 hornets
  7 glass eyes
  3 polar bears (Lair:5)
  An ettin zombie (Vaults:4)
  A shadow dragon simulacrum (Depths:2)
  A tengu simulacrum (Vaults:4)
  21 tarantellas
  A harpy skeleton (Abyss:3)
  6 blink frogs
  Sigmund (D:3)
  83 slime creatures
  3 dream sheep (Lair:5)
  27 jumping spiders
  2 shadows
  A tarantella zombie (Crypt:2)
  4 flying skulls (Crypt:2)
  An air elemental (Elf:1)
  27 culicivoras
  24 spriggans
  2 ynoxinuls
  An orc simulacrum (Crypt:1)
  A human (Lair:3)
  9 vampires
  A wind drake zombie (Crypt:3)
  10 water elementals
  A spriggan (shapeshifter) (D:15)
  A naga simulacrum (Crypt:1)
  5 wraiths
  33 yaks
  3 wyverns
  4 golden eyes
  Grum (D:8)
  3 basilisks
  2 hogs (Lair:3)
  3 steam dragons
  87 redbacks
  3 fire elementals
  A chaos spawn (Depths:3)
  10 vampire mosquitoes
  4 small abominations
  16 swamp worms
  2 swamp worms (shapeshifter)
  An acid dragon (D:10)
  11 water moccasins
  38 orc warriors
  A naga skeleton (Crypt:3)
  10 swamp drakes
  3 sky beasts
  4 black bears
  6 ice beasts
  A snapping turtle zombie (Crypt:1)
  33 wolves
  A dream sheep skeleton (Crypt:3)
  4 boggarts (Lair:5)
  6 ogres
  12 centaurs
  A phantom (D:6)
  A yaktaur zombie (Crypt:3)
  A salamander zombie (Crypt:3)
  14 bullfrogs
  2 necrophages (Swamp:4)
  A gnoll sergeant (D:13)
  4 scorpions
  2 earth elementals (Elf:2)
  An entropy weaver simulacrum (Vaults:4)
  18 wights
  18 killer bees
  2 howler monkeys (D:7)
  7 electric eels
  A quasit (D:9)
  4 hounds
  2 centaur skeletons (Crypt:1)
  6 jellies
  A bullfrog skeleton (Crypt:1)
  10 orc priests
  A sleepcap (D:4)
  A boggart zombie (Crypt:1)
  2 iguanas (D:5)
  20 orc wizards
  6 hell rats (Lair:3)
  Terence (D:3)
  A hound zombie (Crypt:3)
  Robin (D:3)
  6 adders
  8 gnolls
  A steam dragon zombie (Crypt:1)
  4 white imps
  2 ufetubi (Abyss:3)
  2 dart slugs
  75 orcs
  8 endoplasms
  5 giant cockroaches
  14 goblins
  8 hobgoblins
  2 jackals (D:5)
  4 kobolds
  4 quokkas
  3 ball pythons
  2 bats
  6 frilled lizards
  A goblin skeleton (Crypt:3)
  A goblin zombie (Crypt:1)
  A kobold zombie (Crypt:1)
  9 rats
  3 aspiring fleshes
  A butterfly (Lair:3)
  3 foxfires
  A lurking horror (Abyss:3)
2382 creatures vanquished.

Vanquished Creatures (collateral kills)
  A tentacled monstrosity (Vaults:5)
  An acid blob (Slime:5)
  Kirke (Lair:3)
  A shadow dragon (Vaults:5)
  A formless jellyfish (Slime:5)
  A minotaur (Gauntlet)
  2 great orbs of eyes (Slime:5)
  A hydra (Swamp:4)
  A vault guard (Vaults:5)
  A jorogumo (Spider:3)
  A catoblepas (D:15)
  2 boulder beetles
  3 centaur warriors
  2 two-headed ogres (D:13)
  A deep troll earth mage (Depths:2)
  8 death yaks
  A skeletal warrior (D:15)
  A fire crab (Gauntlet)
  2 orb spiders
  2 bog bodies
  An orc knight (Orc:2)
  2 ugly things
  An orc sorcerer (Orc:2)
  A cyclops (D:15)
  A moth of wrath (Zot:2)
  A kobold blastminer (Orc:2)
  A torpor snail (Spider:1)
  4 elephants
  A cane toad (Lair:1)
  An efreet (D:12)
  A red devil (D:9)
  A troll (Orc:2)
  2 tyrant leeches
  A hornet (Swamp:4)
  3 blink frogs (Lair:4)
  3 jumping spiders (Spider:1)
  A wraith (D:12)
  2 slime creatures
  A vampire (D:11)
  2 spriggans (Swamp:4)
  2 wyverns
  3 basilisks
  2 yaks (Lair:5)
  A redback (Spider:1)
  3 fire bats (Gauntlet)
  A vampire mosquito (Swamp:3)
  2 swamp worms (Swamp:4)
  4 water moccasins
  A swamp drake (Swamp:4)
  3 orc warriors (Orc:2)
  A black bear (Lair:4)
  An ogre (Orc:2)
  3 wolves
  2 centaurs
  5 bullfrogs
  2 jellies (Lair:4)
  A hell rat (Lair:3)
  3 orcs
  3 foxfires
108 creatures vanquished.

Vanquished Creatures (others)
  A hell knight (Vaults:4)
  A pharaoh ant (Spider:4)
  2 deep elf pyromancers (Elf:1)
  2 deep elf zephyrmancers (Elf:1)
  A tarantella (Spider:1)
  A culicivora (Spider:1)
  A yak (Lair:3)
  2 humans (Lair:3)
  2 redbacks (Spider:4)
  A bullfrog (Lair:3)
  2 human simulacra (D:12)
  An orc (Depths:2)
  405 foxfires
422 creatures vanquished.

Grand Total: 2912 creatures vanquished

Notes
Turn   | Place    | Note
-------+----------+-------------------------------------------
     0 | D:1      | freelancePsychic the Demigod Fire Elementalist began the
                  | quest for the Orb.
     0 | D:1      | Reached XP level 1. HP: 14/14 MP: 5/5
   390 | D:1      | Reached XP level 2. HP: 22/22 MP: 0/7
   788 | D:1      | Learned a level 2 spell: Scorch
  1068 | D:2      | You fall into a shaft and drop 2 floors!
  1090 | D:3      | Noticed Terence
  1110 | D:3      | Reached skill level 1 in Conjurations
  1172 | D:4      | Reached skill level 1 in Fighting
  1172 | D:4      | Reached XP level 3. HP: 28/28 MP: 0/9
  1268 | D:4      | Learned a level 2 spell: Searing Ray
  1403 | D:4      | Reached XP level 4. HP: 35/35 MP: 0/11
  1733 | D:3      | Noticed Robin
  2548 | D:3      | Noticed Sigmund
  2562 | D:3      | Killed Sigmund
  2563 | D:3      | Reached XP level 5. HP: 42/42 MP: 5/14
  2769 | D:3      | Killed Robin
  2770 | D:3      | Reached XP level 6. HP: 50/50 MP: 11/15
  2801 | D:3      | Killed Terence
  3398 | D:4      | Reached skill level 1 in Hexes
  3645 | D:4      | Found Lasuh's General Store.
  3715 | D:4      | Bought a scroll of teleportation for 36 gold pieces
  3715 | D:4      | Bought a potion of curing for 36 gold pieces
  3786 | D:5      | Entered Level 5 of the Dungeon
  3886 | D:5      | Reached XP level 7. HP: 57/57 MP: 10/16
  4168 | D:5      | Learned a level 3 spell: Inner Flame
  4742 | D:5      | Found a runed translucent door.
  4743 | D:5      | Noticed Crazy Yiuf
  5237 | D:6      | Reached skill level 5 in Fire Magic
  5237 | D:6      | Reached XP level 8. HP: 59/67 MP: 8/17
  5284 | D:6      | Reached skill level 5 in Fighting
  5539 | D:7      | Found a flagged portal.
  5551 | Bailey   | Entered a bailey
  5788 | Bailey   | Noticed an orc knight
  5788 | Bailey   | Noticed an orc knight
  5804 | Bailey   | Killed an orc knight
  5804 | Bailey   | Killed an orc knight
  5805 | Bailey   | Reached XP level 9. HP: 78/78 MP: 1/18
  5890 | Bailey   | Identified the +0 plate armour "Ehaeq" {rC+ MP-9 Str+2
                  | Stlth+}
  6015 | D:7      | Found a staircase to the Ecumenical Temple.
  6106 | D:7      | Reached skill level 5 in Stealth
  6663 | D:8      | Noticed Joseph
  6664 | D:8      | Reached XP level 10. HP: 88/88 MP: 10/19
  6666 | D:8      | Killed Joseph
  6943 | D:8      | Found a runed translucent door.
  6955 | D:8      | Found the +10 tower shield of Ignorance {rN+ Int-4}
  6961 | D:8      | Found a runed translucent door.
  7012 | D:8      | Identified the +8 war axe of Corpus Delicti {drain,
                  | ^Fragile Str+4}
  7075 | D:8      | Noticed an orange crystal statue
  7360 | D:8      | Noticed Grum
  7369 | D:8      | Killed Grum
  7923 | D:9      | Reached skill level 1 in Earth Magic
  8269 | D:9      | Reached skill level 5 in Spellcasting
  8627 | D:9      | Reached skill level 1 in Air Magic
  8664 | D:9      | Noticed a smoke demon
  8664 | D:9      | Noticed a smoke demon
  8684 | D:9      | Reached XP level 11. HP: 95/95 MP: 11/22
  8725 | D:9      | Reached skill level 2 in Air Magic
  9003 | D:10     | Entered Level 10 of the Dungeon
  9011 | D:10     | Learned a level 5 spell: Arcjolt
  9016 | D:10     | Learned a level 4 spell: Summon Lightning Spire
  9018 | D:10     | Noticed a two-headed ogre
  9356 | D:10     | Found Peilem's Armour Boutique.
  9357 | D:10     | Found a staircase to the Orcish Mines.
  9357 | D:10     | Noticed an orc knight
  9369 | D:10     | Killed an orc knight
  9370 | D:10     | Reached skill level 1 in Summonings
  9370 | D:10     | Reached skill level 3 in Air Magic
  9392 | D:10     | Found Huojigips's Weapon Boutique.
  9455 | D:10     | Found Puubem's Assorted Antiques.
  9460 | D:10     | Bought a scroll labelled PES QEASOSHRIOKK for 18 gold
                  | pieces
  9460 | D:10     | Bought a scroll of poison for 72 gold pieces
  9460 | D:10     | Bought 2 amethyst potions for 32 gold pieces
  9535 | D:10     | Killed a two-headed ogre
  9574 | D:10     | Reached skill level 4 in Air Magic
  9786 | D:10     | Found a staircase to the Lair.
  9902 | D:11     | Found Mifud's Assorted Antiques.
  9912 | D:11     | Bought a faintly glowing helmet for 190 gold pieces
  9912 | D:11     | Identified the +0 helmet of the Dropbear {rPois Int+4} (You
                  | bought it in a shop on level 11 of the Dungeon)
  9922 | D:11     | Bought a scroll of revelation for 150 gold pieces
 10000 | D:11     | Found a gate leading to a gauntlet.
 10006 | Gauntlet | Entered a Gauntlet
 10006 | Gauntlet | Found a transporter.
 10006 | Gauntlet | Found a transporter.
 10010 | Gauntlet | Found a transporter.
 10010 | Gauntlet | Found a transporter.
 10021 | Gauntlet | Found a transporter.
 10025 | Gauntlet | Noticed a fire crab
 10030 | Gauntlet | Found a transporter.
 10038 | Gauntlet | Found a transporter.
 10038 | Gauntlet | Found a transporter.
 10042 | Gauntlet | Found a transporter.
 10069 | Gauntlet | Found a transporter.
 10076 | Gauntlet | Found a transporter.
 10093 | Gauntlet | Noticed a death scarab
 10094 | Gauntlet | Found a transporter.
 10140 | Gauntlet | Found a transporter.
 10154 | Gauntlet | Found a transporter.
 10256 | Gauntlet | Found a transporter.
 10264 | Gauntlet | Noticed a large abomination
 10272 | Gauntlet | Found a transporter.
 10368 | Gauntlet | Killed a fire crab
 10369 | Gauntlet | Reached skill level 5 in Dodging
 10438 | Gauntlet | Killed a large abomination
 10439 | Gauntlet | Reached skill level 5 in Air Magic
 10570 | Gauntlet | Noticed a minotaur
 10587 | Gauntlet | Killed a minotaur
 10656 | Gauntlet | Identified the +4 acid dragon scales of Yvuck {rElec rCorr}
 10657 | Gauntlet | Got the Grimoire of the Voyage and the Sun
 10961 | D:11     | Noticed a boulder beetle
 11041 | Lair:1   | Entered Level 1 of the Lair of Beasts
 11236 | Lair:1   | Reached skill level 6 in Air Magic
 11499 | Lair:1   | Noticed a death yak
 11503 | Lair:1   | Noticed a death yak
 11506 | Lair:1   | Noticed a death yak
 11506 | Lair:1   | Noticed a death yak
 11508 | Lair:1   | Noticed a death yak
 11509 | Lair:1   | Killed a death yak
 11510 | Lair:1   | Reached skill level 10 in Fighting
 11510 | Lair:1   | Killed a death yak
 11511 | Lair:1   | Reached XP level 12. HP: 79/106 MP: 20/23
 11520 | Lair:1   | Reached skill level 7 in Air Magic
 11978 | Lair:2   | Reached skill level 5 in Summonings
 12088 | Lair:2   | Reached skill level 8 in Air Magic
 12419 | Lair:2   | Noticed a five-headed hydra
 12427 | Lair:2   | Killed a five-headed hydra
 12562 | Lair:2   | Noticed a six-headed hydra
 12750 | Lair:2   | Reached skill level 9 in Air Magic
 12762 | Lair:2   | Reached XP level 13. HP: 73/115 MP: 4/24
 13170 | Lair:2   | Identified the +0 ring mail of Ujokaop {Str+3}
 13360 | Lair:3   | Found a hole to the Spider Nest.
 13568 | Lair:3   | Noticed Kirke
 13579 | Lair:3   | Killed Kirke
 13968 | Lair:3   | Found a staircase to the Swamp.
 14323 | Lair:4   | Reached skill level 5 in Conjurations
 14374 | Lair:4   | Found a staircase to the Slime Pits.
 14538 | Lair:4   | Reached skill level 10 in Air Magic
 14754 | Lair:4   | You fall into a shaft and drop 1 floor!
 14754 | Lair:5   | Entered Level 5 of the Lair of Beasts
 14760 | Lair:5   | Reached XP level 14. HP: 125/125 MP: 25/25
 14761 | Lair:5   | Reached skill level 11 in Air Magic
 14761 | Lair:5   | Reached XP level 15. HP: 132/132 MP: 26/26
 15041 | Lair:5   | Reached skill level 1 in Shields
 15575 | Lair:5   | Reached skill level 12 in Air Magic
 16401 | Lair:4   | Found a runed translucent gate.
 16402 | Lair:4   | Found a runed translucent gate.
 16403 | Lair:4   | Found a runed translucent gate.
 16570 | Lair:4   | Noticed Twinkles's ghost (journeyman DrSh)
 18544 | D:13     | Reached XP level 16. HP: 141/141 MP: 28/28
 18668 | D:13     | Found a gate to the Vaults.
 18719 | D:13     | Reached skill level 13 in Air Magic
 19685 | Orc:1    | Entered Level 1 of the Orcish Mines
 19812 | Orc:2    | Entered Level 2 of the Orcish Mines
 19879 | Orc:2    | Found Romifre's General Store.
 19879 | Orc:2    | Found Jirhig's Armour Shoppe.
 19886 | Orc:2    | Found Isouf's Distillery.
 19888 | Orc:2    | Found Kaag's Jewellery Boutique.
 19892 | Orc:2    | Got a glittering gem
 19951 | Orc:2    | Bought the ring "Revungah" {Fire +Blink Int+4} for 663 gold
                  | pieces
 20171 | Orc:2    | Found a staircase to the Elven Halls.
 20218 | Orc:2    | Found Aroffura's Mass Market.
 20698 | Orc:2    | Bought a potion of magic for 104 gold pieces
 20698 | Orc:2    | Bought a potion of curing for 39 gold pieces
 20701 | Orc:2    | Bought a scroll of poison for 60 gold pieces
 20701 | Orc:2    | Bought a potion of haste for 150 gold pieces
 20808 | D:14     | Reached skill level 5 in Shields
 21789 | D:14     | Reached skill level 14 in Air Magic
 21839 | D:15     | Entered Level 15 of the Dungeon
 22054 | D:15     | Found a staircase to the Depths.
 22156 | D:15     | Identified the blade talisman of Jomit {rF+ Int+2}
 22289 | D:15     | Found Geitoitz's General Store.
 22343 | D:15     | Bought a scroll of blinking for 112 gold pieces
 22343 | D:15     | Bought a scroll of identify for 30 gold pieces
 23243 | Spider:1 | Entered Level 1 of the Spider Nest
 24330 | Spider:2 | Reached XP level 17. HP: 151/151 MP: 28/29
 24338 | Spider:2 | Reached skill level 15 in Air Magic
 24808 | Swamp:1  | Entered Level 1 of the Swamp
 25169 | Swamp:1  | Reached skill level 10 in Conjurations
 25675 | Swamp:1  | Learned a level 8 spell: Maxwell's Capacitive Coupling
 26987 | Swamp:4  | Entered Level 4 of the Swamp
 27167 | Swamp:4  | Reached skill level 16 in Air Magic
 28165 | Swamp:4  | Noticed the 27-headed Lernaean hydra
 29692 | Spider:3 | Reached skill level 17 in Air Magic
 29822 | Spider:3 | Reached XP level 18. HP: 139/162 MP: 0/34
 29838 | Spider:3 | Noticed Donald
 29843 | Spider:3 | Killed Donald
 30037 | Spider:3 | Reached skill level 15 in Fighting
 30951 | Spider:4 | Entered Level 4 of the Spider Nest
 31388 | Spider:4 | Reached skill level 18 in Air Magic
 32436 | Spider:4 | Got a gossamer rune of Zot
 32986 | D:15     | Bought the ring "Vesegeni" {rPois EV+5 Int+5} for 865 gold
                  | pieces
 33311 | Swamp:4  | Killed the 27-headed Lernaean hydra
 33312 | Swamp:4  | Reached skill level 1 in Armour
 33407 | Swamp:4  | Reached skill level 19 in Air Magic
 33602 | Swamp:4  | Got a decaying rune of Zot
 33871 | Elf:1    | Entered Level 1 of the Elven Halls
 34846 | Elf:1    | Identified the +2 leather armour "Rudgh" {rElec Regen+
                  | Dex+2 Stlth+}
 35466 | Elf:2    | Reached skill level 10 in Dodging
 35497 | Elf:2    | Identified the +3 chain mail "Tuhao" {+Blink rC- Will+++}
 35590 | Elf:2    | Found a runed translucent gate.
 35590 | Elf:2    | Found a runed translucent gate.
 35590 | Elf:2    | Found a runed translucent gate.
 35694 | Elf:2    | Reached XP level 19. HP: 110/170 MP: 22/36
 35893 | Elf:3    | Entered Level 3 of the Elven Halls
 36644 | Elf:3    | Reached skill level 5 in Armour
 36654 | Elf:3    | Identified the +6 morningstar of the Jester {freeze, Dex+4}
 36749 | Elf:3    | Found the +13 scythe of Curses {drain, curses, ^Drain}
 36788 | Elf:3    | Identified the ring of the Dragon {Wiz *Slow Will+ Str+3
                  | Int+2}
 36801 | Elf:3    | Identified the +2 trident of the Ecumenical Temple {freeze,
                  | rN+}
 36805 | Elf:3    | Identified the ring "Xousch" {^Contam rPois rF+ Int+3
                  | Dex+3}
 36812 | Elf:3    | Found the +2 hat of the Bear Spirit {Spirit, Bear, *Rage
                  | Will++}
 36814 | Elf:3    | Found the sphere of Battle
 36817 | Elf:3    | Identified the +4 ring mail "Tusuqu Haga" {rC+ Dex+9}
 36874 | Elf:3    | Identified the +4 long sword of Arrival {drain, rF+++ rC-
                  | rN++ Str-2}
 37254 | Vaults:1 | Entered Level 1 of the Vaults
 38522 | Vaults:1 | Identified the +8 scale mail "Neam" {Stlth+}
 38824 | Vaults:1 | Noticed a Tzitzimitl
 40219 | Vaults:2 | Found the brooch of Shielding {Spirit SH+8}
 40369 | Vaults:2 | Reached XP level 20. HP: 180/180 MP: 23/37
 40847 | Vaults:2 | Found a staircase to the Crypt.
 41800 | Vaults:3 | Reached skill level 10 in Armour
 41976 | Vaults:3 | Paralysed by a sphinx for 3 turns
 42561 | Vaults:3 | Found Boogg's Book Boutique.
 43861 | Vaults:4 | Noticed Margery
 43891 | Vaults:4 | Identified the ring "Tirut" {Wiz Will- Dex+6}
 44246 | Vaults:5 | Entered Level 5 of the Vaults
 44329 | Vaults:4 | Killed Margery
 44747 | Vaults:4 | Reached XP level 21. HP: 165/192 MP: 31/38
 45170 | Vaults:4 | Reached skill level 15 in Dodging
 45492 | Vaults:4 | Noticed Mara
 45511 | Vaults:4 | Noticed freelancePsychic's illusion
 45513 | Vaults:4 | Killed Mara
 45632 | Vaults:4 | Got the Discursus on Sizzling Production
 46207 | Depths:1 | Entered Level 1 of the Depths
 46240 | Depths:1 | Found a one-way gate leading to the halls of Pandemonium.
 46295 | Depths:1 | Found Ywidic's Antique Weapon Shoppe.
 46310 | Depths:1 | Found a one-way gate to the infinite horrors of the Abyss.
 46310 | Depths:1 | Found a magical portal.
 46317 | WizLab   | Entered Wucad Mu's Monastery
 46525 | WizLab   | Found the crystal ball of Wucad Mu {*channel}
 46752 | WizLab   | Reached XP level 22. HP: 203/203 MP: 39/39
 47017 | Depths:1 | Found a gateway to Hell.
 47353 | Depths:1 | Found Tengul's Self-Improvement Boutique.
 47361 | Depths:1 | Bought a manual of Dodging for 1600 gold pieces
 47735 | Depths:1 | Found a one-way gateway to a ziggurat.
 48576 | Depths:2 | Reached skill level 20 in Air Magic
 48858 | Depths:2 | Upgraded the game from 0.31-a0-1267-gfedaa18580 to
                  | 0.31-a0-1300-gb6740aa4e6
 49510 | Depths:2 | Paralysed by something for 3 turns
 49903 | Depths:2 | Noticed Bai Suzhen
 49920 | Depths:2 | Killed Bai Suzhen
 50127 | Depths:2 | Noticed Saint Roka
 50138 | Depths:2 | Killed Saint Roka
 50140 | Depths:2 | Reached skill level 1 in Staves
 51081 | Depths:3 | Reached XP level 23. HP: 169/213 MP: 21/40
 51638 | Depths:3 | Noticed Vv
 51643 | Depths:3 | Killed Vv
 52356 | Depths:3 | Reached skill level 5 in Staves
 52746 | Depths:3 | Found the +8 whip "Snakebite" {venom, curare, rPois}
 52920 | Depths:3 | You fall into a shaft and drop 1 floor!
 52920 | Depths:4 | Entered Level 4 of the Depths
 53577 | Depths:4 | Reached skill level 21 in Air Magic
 54307 | Depths:4 | Found a gate to the Realm of Zot.
 54588 | Crypt:1  | Entered Level 1 of the Crypt
 54814 | Crypt:1  | Identified the +1 robe "Dohoj" {rC++ Dex-5}
 55693 | Crypt:1  | Found a runed translucent gate.
 55694 | Crypt:1  | Found a runed translucent gate.
 55695 | Crypt:1  | Noticed Hali's ghost (veteran FoFi)
 55834 | Crypt:1  | Found a runed translucent gate.
 56166 | Crypt:2  | Noticed Xtahua
 56174 | Crypt:2  | Killed Xtahua
 57658 | Crypt:2  | Reached XP level 24. HP: 222/223 MP: 39/41
 58324 | Crypt:2  | Found the +8 Vampire's Tooth {megavamp}
 58387 | Crypt:3  | Entered Level 3 of the Crypt
 59289 | Crypt:3  | Reached skill level 10 in Spellcasting
 59516 | Crypt:3  | Identified the +1 quick blade of Taxation {vamp, Dex+4}
 59889 | Crypt:3  | Identified the staff "Ymaefief" {^Contam Int+4 Dex+5 Summ
                  | Earth}
 59939 | Crypt:3  | Identified the +3 rapier of Inference {speed, *Corrode
                  | rPois rC+++ Str+5}
 59945 | Crypt:3  | Identified the +8 morningstar "Fuzuq" {vamp, rC+}
 60018 | Crypt:3  | Found a staircase to the Tomb.
 60468 | Vaults:5 | Noticed an ancient lich
 60477 | Vaults:5 | Killed an ancient lich
 60607 | Vaults:5 | Identified the +6 quarterstaff "Xiotath" {vamp, ^Fragile
                  | rElec rPois rC+}
 60608 | Vaults:5 | Reached skill level 15 in Armour
 60633 | Vaults:5 | Noticed a dread lich
 60637 | Vaults:5 | Killed a dread lich
 60667 | Vaults:5 | Identified the +9 glaive of Urch {antimagic, Will- Dex+5}
 60810 | Vaults:5 | Paralysed by a sphinx for 2 turns
 61114 | Vaults:5 | Identified the +0 buckler of Doreki Mirph {Harm Rampage
                  | Dex+4}
 61231 | Vaults:5 | Identified the +0 leather armour of Dogmatism {^Drain rC+
                  | Str+3 SInv}
 61641 | Vaults:5 | Noticed an ancient lich
 61645 | Vaults:5 | Killed an ancient lich
 61646 | Vaults:5 | Noticed a dread lich
 61658 | Vaults:5 | Gained mutation: You expend magic power (3 MP) to
                  | strengthen your wands. [a cacodemon]
 61659 | Vaults:5 | Gained mutation: You are weak. (Str -2) [a cacodemon]
 61660 | Vaults:5 | Killed a dread lich
 61667 | Vaults:5 | Reached XP level 25. HP: 229/231 MP: 26/44
 61762 | Vaults:5 | Noticed a dread lich
 61766 | Vaults:5 | Killed a dread lich
 61781 | Abyss:3  | Cast into level 3 of the Abyss (a deep elf sorcerer)
 61955 | Abyss:3  | Reached skill level 1 in Evocations
 62048 | Vaults:5 | Escaped the Abyss
 62458 | Vaults:5 | Identified the +4 plate armour of Lifelessness {-Tele Will+
                  | Str+2}
 62738 | Vaults:5 | Got a silver rune of Zot
 63068 | Vaults:5 | Learned a level 6 spell: Plasma Beam
 63407 | Slime:1  | Entered Level 1 of the Pits of Slime
 63667 | Slime:1  | Learned a level 5 spell: Irradiate
 63852 | Slime:5  | Entered Level 5 of the Pits of Slime
 64026 | Slime:5  | Reached skill level 1 in Transmutations
 64052 | Slime:5  | Noticed the Royal Jelly
 64067 | Slime:5  | Reached skill level 10 in Fire Magic
 64697 | Slime:5  | Killed the Royal Jelly
 65041 | Slime:5  | Identified the +1 broad axe "Diaqapysch" {venom, rN++
                  | Str+2}
 65598 | Slime:5  | Identified the ring "Pukounlir" {rPois Will+ Str+2 Int-3}
 65606 | Slime:5  | Identified the +1 ring mail "Ifiudo" {Str+7}
 65746 | Slime:5  | Identified the +1 broad axe "Earthworm" {speed, ^Drain
                  | Str+4 Dex+4}
 65749 | Slime:5  | Got a slimy rune of Zot
 66352 | Zot:1    | Entered Level 1 of the Realm of Zot
 68731 | Zot:2    | Reached XP level 26. HP: 227/239 MP: 39/45
 69302 | Zot:3    | Noticed an ancient lich
 69306 | Zot:3    | Killed an ancient lich
 71226 | Zot:4    | Identified the +1 whip "Ocvalaom" {drain, rPois Will+++
                  | Dex-5 SInv}
 71893 | Zot:4    | Found a runed translucent gate.
 71894 | Zot:4    | Found a runed translucent gate.
 71894 | Zot:4    | Noticed an ancient lich
 71894 | Zot:4    | Noticed a dread lich
 71895 | Zot:4    | Found a runed translucent gate.
 71895 | Zot:4    | Noticed Vaid's ghost (master GnFi)
 71895 | Zot:4    | Noticed a dread lich
 71895 | Zot:4    | Noticed a dread lich
 71998 | Zot:4    | Identified the +0 robe of Going Fast {rC+ Int+3}
 72185 | Zot:5    | Entered Level 5 of the Realm of Zot
 72298 | Zot:5    | Found a runed translucent door.
 72298 | Zot:5    | Noticed ragingrage's ghost (legendary HuWn)
 72609 | Zot:5    | Killed ragingrage's ghost
 72883 | Zot:5    | Gained mutation: You occasionally lose the ability to read
                  | scrolls when taking damage. [mutagenic glow]
 72892 | Zot:5    | Gained mutation: You are partially covered in iridescent
                  | scales. (AC +2) [mutagenic glow]
 73139 | Zot:4    | Lost mutation: You expend magic power (3 MP) to strengthen
                  | your wands. [potion of mutation]
 73139 | Zot:4    | Lost mutation: You occasionally lose the ability to read
                  | scrolls when taking damage. [potion of mutation]
 73139 | Zot:4    | Lost mutation: You are weak. (Str -2) [potion of mutation]
 73139 | Zot:4    | Gained mutation: You occasionally lose the ability to drink
                  | potions when taking damage. [potion of mutation]
 73139 | Zot:4    | Gained mutation: You are weak. (Str -2) [potion of
                  | mutation]
 73139 | Zot:4    | Gained mutation: You occasionally shout uncontrollably at
                  | your foes. [potion of mutation]
 73140 | Zot:4    | Lost mutation: You are weak. (Str -2) [potion of mutation]
 73140 | Zot:4    | Lost mutation: You occasionally lose the ability to drink
                  | potions when taking damage. [potion of mutation]
 73140 | Zot:4    | Lost mutation: You are partially covered in iridescent
                  | scales. (AC +2) [potion of mutation]
 73140 | Zot:4    | Gained mutation: Your mind is acute. (Int +4, Str/Dex -1)
                  | [potion of mutation]
 73140 | Zot:4    | Gained mutation: Your muscles are strong. (Str +4, Int/Dex
                  | -1) [potion of mutation]
 73140 | Zot:4    | Gained mutation: Your mind is very acute. (Int +8, Str/Dex
                  | -2) [potion of mutation]
 73261 | Zot:5    | Noticed an ancient lich
 73261 | Zot:5    | Noticed an orb of fire
 73265 | Zot:5    | Killed an orb of fire
 73269 | Zot:5    | Killed an ancient lich
 73307 | Zot:5    | Noticed an orb of fire
 73311 | Zot:5    | Killed an orb of fire
 73312 | Zot:5    | Reached skill level 15 in Spellcasting
 73523 | Zot:5    | Noticed an orb of fire
 73526 | Zot:5    | Gained mutation: You have hidden genetic defects. [an orb
                  | of fire]
 73532 | Zot:5    | Killed an orb of fire
 73626 | Zot:5    | Noticed an orb of fire
 73630 | Zot:5    | Killed an orb of fire
 73720 | Zot:5    | Reached skill level 22 in Air Magic
 73921 | Zot:5    | Reached XP level 27. HP: 246/246 MP: 43/48
 73939 | Zot:5    | Noticed a dread lich
 73941 | Zot:5    | Killed a dread lich
 73956 | Zot:5    | Noticed an orb of fire
 73959 | Zot:5    | Killed an orb of fire
 73962 | Zot:5    | Noticed an orb of fire
 73965 | Zot:5    | Killed an orb of fire
 73979 | Zot:5    | Lost mutation: Your mind is very acute. (Int +8, Str/Dex
                  | -2) [hidden defects]
 74002 | Zot:5    | Noticed an orb of fire
 74003 | Zot:5    | Lost mutation: Your mind is acute. (Int +4, Str/Dex -1)
                  | [potion of mutation]
 74003 | Zot:5    | Lost mutation: You occasionally shout uncontrollably at
                  | your foes. [potion of mutation]
 74003 | Zot:5    | Gained mutation: You are strong-willed. (Will+) [potion of
                  | mutation]
 74007 | Zot:5    | Killed an orb of fire
 74008 | Zot:5    | Lost mutation: Your muscles are strong. (Str +4, Int/Dex
                  | -1) [potion of mutation]
 74008 | Zot:5    | Lost mutation: You are strong-willed. (Will+) [potion of
                  | mutation]
 74008 | Zot:5    | Lost mutation: You have hidden genetic defects. [potion of
                  | mutation]
 74008 | Zot:5    | Gained mutation: Your spells are a little harder to cast,
                  | but a little more powerful. [potion of mutation]
 74008 | Zot:5    | Gained mutation: You have a pair of small horns on your
                  | head. [potion of mutation]
 74008 | Zot:5    | Gained mutation: You are strong-willed. (Will+) [potion of
                  | mutation]
 74013 | Zot:5    | Lost mutation: You are strong-willed. (Will+) [potion of
                  | mutation]
 74013 | Zot:5    | Lost mutation: Your spells are a little harder to cast, but
                  | a little more powerful. [potion of mutation]
 74013 | Zot:5    | Gained mutation: You are occasionally teleported next to
                  | monsters. [potion of mutation]
 74014 | Zot:5    | Lost mutation: You have a pair of small horns on your head.
                  | [potion of mutation]
 74014 | Zot:5    | Lost mutation: You are occasionally teleported next to
                  | monsters. [potion of mutation]
 74014 | Zot:5    | Gained mutation: You are weak. (Str -2) [potion of
                  | mutation]
 74073 | Zot:5    | Noticed an orb of fire
 74076 | Zot:5    | Gained mutation: Armour fits poorly on your strangely
                  | shaped body. [an orb of fire]
 74077 | Zot:5    | Killed an orb of fire
 74078 | Zot:5    | Reached skill level 23 in Air Magic
 74130 | Zot:5    | Noticed a dread lich
 74135 | Zot:5    | Killed a dread lich
 74247 | Zot:5    | Got the Orb of Zot
 74687 | D:8      | Noticed Puwky the pandemonium lord
 74774 | D:2      | Noticed Mobrin the pandemonium lord
 74784 | D:2      | Killed Mobrin the pandemonium lord
 74852 | D:$      | Escaped with the Orb!

Illustrated notes

Levels and vault maps discovered:
D:1:      lemuel_arrival_behind_the_door_large, layout_basic,
          corexii_leaking_fountain
D:2:      layout_loops_cross
D:3:      layout_basic, ebering_ecumenical_altar_box, minmay_between,
          uniq_robin, uniq_sigmund, uniq_terence
D:4:      layout_rooms, trog_book, hangedman_ru_absence,
          nicolae_dithmenos_through_a_glass_darkly, tso_metal_star,
          serial_shops, nicolae_shop_tiny_waterfront, nicolae_zig_zag_zippers
D:5:      layout_cave_pods, lemuel_doored_altar, nicolae_elyvilon_temple_path,
          st_stairs_10, hangedman_decor_diamond_cutter, uniq_crazy_yiuf_cottage
D:6:      layout_basic
D:7:      layout_cave_pools, nicolae_qazlal_beasts_of_the_sky,
          minmay_temple_entry_trees, enter_bailey_3
D:8:      layout_loops_corners, mainiacjoe_overflow_six_doors_small,
          grunt_gozag_statues, grunt_ministairs_3,
          chequers_guarded_unrand_ignorance, uniq_grum, uniq_joseph
D:9:      layout_basic, nemelex_xobeh_ov_fountains_minmay,
          mainiacjoe_overflow_concentric_impassable, serial_demonic,
          serial_demonic_e, serial_demonic_e, serial_demonic_b,
          serial_demonic_a, serial_demonic_a, serial_demonic_f, serial_demonic_f
D:10:     layout_irregular_city, nicolae_overflow_crystal_walls,
          lair_entry_dummy, orc_david_3, serial_shops, shop
D:11:     nicolae_cairo_tiling_very_big, layout_basic, gauntlet_entry_generic,
          serial_corexii_hall, chequers_hall_statues_y, chequers_hall_statues_y,
          corexii_hall_statues_i, kennysheep_small_circle
D:12:     layout_basic, bh_circular_ruins
D:13:     layout_stronghold, david_vaults_1
D:14:     layout_basic, lemuel_crystal_altar, lemuel_flamethrower_3
D:15:     hangedman_depths_entry_try_elsewhere_first, layout_grid_maze,
          minivault_23, serial_shops, shop_fountains
Lair:1:   layout_roguey
Lair:2:   layout_cave_pods, grunt_forest_small_clearings, grunt_megastairs_5,
          lemuel_fruit_fields, serial_bayou_shore_a, lemuel_fruit_fields,
          serial_bayou_shore_b
Lair:3:   layout_roguey, skrybe_swamp_entry_bodies, spider_nest_entry_web_field,
          serial_forest, infiniplex_forest_lined_3_way, infiniplex_forest_end_3,
          infiniplex_forest_clump_medium, infiniplex_forest_straight_1,
          infiniplex_forest_lined_room_2, infiniplex_forest_end_3,
          infiniplex_forest_clump_cross, infiniplex_forest_lined_corner,
          uniq_kirke
Lair:4:   layout_cave_shapes, nicolae_slime_entry_field_trip,
          gammafunk_ghost_icy, disabler_island
Lair:5:   minmay_lair_end_enchanted_forest, layout_cellular_growth,
          grunt_megastairs_1
Swamp:1:  layout_basic_swamp, nicolae_swamp_feature_on_the_river_bank,
          infiniplex_staircase_pool
Swamp:2:  layout_basic_swamp, serial_swamp_ruin, evilmike_swamp_ruin_rubble_2,
          evilmike_swamp_ruin_house_4, evilmike_swamp_ruin_house_2,
          swamp_pool_5, nicolae_swamp_godswood
Swamp:3:  layout_basic_swamp, evilmike_swamp_ruin_rubble_1
Swamp:4:  swamp_old_school, layout_basic_swamp, swamp_pool_1_2,
          nicolae_swamp_drake_lake
Spider:1: layout_spider_delve, hangedman_spider_trapstep
Spider:2: layout_spider_delve
Spider:3: layout_spider_delve, nicolae_spider_webbed_stairs, uniq_donald
Spider:4: spider_rune_water
Slime:1:  layout_caves
Slime:2:  layout_caves
Slime:3:  layout_caves
Slime:4:  layout_caves
Slime:5:  slime_pit_nicolae_inversion
Orc:1:    layout_caves
Orc:2:    st_orc_rangers, layout_diamond_mine, basic_altar, minmay_shop_mass,
          nicolae_orc_lava_tube
Elf:1:    layout_geoelf_grid, kennysheep_underground_church
Elf:2:    elven_hall_of_blades_hangedman_original
          [nicolae_blade_entry_hurt_lockers], layout_geoelf_octagon,
          lemuel_elevator
Elf:3:    grunt_elf_hall_asides, layout_loops_cross
Vaults:1: nicolae_vaults_c_with_doors, v_pattern_3, nicolae_vaults_puzzle_piece,
          v_misc_12, v_misc_25, hangedman_vaults_locks,
          nicolae_vaults_diamond_1, nicolae_vaults_little_squares_6,
          vaults_mumra_minichess_inversion, nicolae_vaults_network_quinsquares
          [nicolae_vaults_network_quincunx_subvault,
          nicolae_vaults_network_quincunx_subvault,
          nicolae_vaults_network_quincunx_subvault,
          nicolae_vaults_network_quincunx_subvault], nicolae_vaults_gold_heap,
          ontoclasm_vaults_misaligned, vaults_room_grid, layout_vaults_omnibox
Vaults:2: vaults_mumra_chevron_long, v_misc_18, minmay_crypt_entry_vampire_xt,
          serial_ice_h, nicolae_vaults_little_squares_1,
          nicolae_vaults_murderbox, dpeg_vaults_monster_row,
          vaults_dpeg_emergency_exit, nicolae_vaults_closet_pinwheel_4,
          vaults_room_boxed, nicolae_vaults_closet_pinwheel_5,
          nicolae_vaults_theta, layout_vaults_big_cross
Vaults:3: v_misc_8, v_misc_16, v_misc_23, vaults_mumra_chevron,
          nicolae_vaults_shipping_containers_6, v_misc_27, vaults_room_fours,
          nicolae_vaults_trapezoid_layered, nicolae_vaults_six-pack,
          nicolae_vaults_house_3, nicolae_vaults_diamond_1,
          layout_vaults_chaotic_city, serial_shops, nicolae_book_shop_shelving
Vaults:4: ontoclasm_vaults_shuriken, vaults_room_pool, v_misc_11,
          nicolae_vaults_mush_room, v_misc_11, nicolae_vaults_closet_pinwheel_2,
          nicolae_vaults_ring_of_whatevers, v_pattern_5, v_misc_9,
          nicolae_vaults_surprise_closet, vaults_room_pools,
          layout_vaults_omnigrid, uniq_mara, uniq_margery
Vaults:5: serial_shops
Crypt:1:  statuecave_lemuel, layout_basic, ebering_ghost_gozag,
          nicolae_crypt_little_mausoleum
Crypt:2:  grunt_deathspiral_small, layout_gridlike,
          minmay_guarded_unrand_vampires_tooth, uniq_xtahua
Crypt:3:  lightli_unholy_cathedral, layout_chaotic_city,
          tomb_entry_forgotten_bobbens, st_stairs_10, lemuel_nasty_fountain
Depths:1: layout_honeycomb, enter_ziggurat_c, pf_hell_entry_tar_spiral,
          mu_enter_wizlab_4, pan_entry, hangedman_abyss_or_decor_slice,
          serial_shops, nicolae_shop_statue_plus, abyss_entry,
          nicolae_shop_self_help
Depths:2: lemuel_river_lethe, hell_entry, pan_entry, uniq_bai_suzhen,
          uniq_saint_roka
Depths:3: cheibrodos_spurs, layout_basic, rand_demon_pan_entry_3,
          evilmike_ruin_ashenzari, hangedman_abyss_entry_splay, hell_entry,
          dreamdust_wishing_well, uniq_vv
Depths:4: evilmike_zot_entry_diamond, layout_small_grid, hell_entry,
          amcnicky_mini_rare_corridor_liquid, abyss_entry
Zot:1:    layout_twisted_circle
Zot:2:    layout_concentric_octagons, regret_index_zotdec_onion_hex
Zot:3:    hellmonk_crystal_mountain, layout_basic, uniq_grunn
Zot:4:    regret_index_zot_pan_timeshare, layout_cellular_growth,
          gammafunk_ghost_crypt
Zot:5:    layout_basic, gammafunk_ghost_grave, st_stairs_14

Skill      XL: |  1  2  3  4  5  6  7  8  9 10 11 12 13 14 15 16 17 18 19 20 21 22 23 24 25 26 27 |
---------------+----------------------------------------------------------------------------------+-----
Spellcasting   | 2 4 5 7 8 11 12 15 | 15.0
Fire Magic     | 3 5 6 7 8 12 14 | 14.0
Conjurations   | 1 2 4 5 6 7 9 10 11 13 14 | 14.1
Fighting       | 1 2 3 4 6 7 8 10 11 12 13 14 15 17 18 19 20 | 20.0
Hexes          | 1 3 4 |  4.6
Stealth        | 4 5 6 8 |  8.7
Dodging        | 3 5 7 8 9 10 12 14 15 17 20 21 22 | 22.7
Earth Magic    | 2 |  2.3
Air Magic      | 1 6 9 10 11 12 14 17 19 20 21 22 23 | 23.4
Summonings     | 4 5 |  5.0
Shields        | 3 6 7 |  7.0
Armour         | 4 9 11 12 16 | 16.7
Staves         | 2 6 7 |  7.3
Evocations     | 3 |  3.4
Transmutations | 4 |  4.4

Action                     |  1- 3 |  4- 6 |  7- 9 | 10-12 | 13-15 | 16-18 | 19-21 | 22-24 | 25-27 || total
---------------------------+-------+-------+-------+-------+-------+-------+-------+-------+-------++-------
  Melee: Dagger            |     8 |    60 |       |       |       |       |       |       |       ||    68
         Punch             |       |     1 |       |       |       |       |       |       |       ||     1
         Staff             |       |       |       |    25 |    59 |   180 |   127 |   384 |   241 ||  1016
   Cast: Foxfire           |    25 |     7 |   101 |    52 |    41 |     1 |       |       |     1 ||   228
         Scorch            |    14 |    63 |    61 |   220 |    62 |    41 |     6 |       |       ||   467
         Searing Ray       |       |     5 |       |     1 |       |       |       |       |       ||     6
         Inner Flame       |       |       |    28 |   118 |    70 |     9 |       |       |       ||   225
         Summon Lightning  |       |       |       |    16 |    29 |    44 |       |     4 |     2 ||    95
         Arcjolt           |       |       |       |     1 |   103 |   543 |   333 |   392 |   147 ||  1519
         Maxwell's Capacit |       |       |       |       |       |   102 |    77 |   261 |   150 ||   590
         Plasma Beam       |       |       |       |       |       |       |       |       |   200 ||   200
         Irradiate         |       |       |       |       |       |       |       |       |    34 ||    34
  Evoke: Wand              |       |       |       |       |       |     2 |     5 |     1 |     1 ||     9
    Use: Potion            |       |     4 |       |     3 |     3 |    13 |     9 |    16 |    17 ||    65
         Scroll            |       |     6 |     3 |    20 |     9 |    16 |     9 |    11 |    13 ||    87
   Stab: Sleeping          |     1 |       |       |       |     2 |     1 |     1 |       |     1 ||     6
         Distracted        |       |       |       |     2 |       |     1 |       |     1 |     1 ||     5
 Armour: Robe              |     4 |       |       |       |       |       |       |       |       ||     4
         Leather armour    |     3 |    53 |    22 |    51 |       |       |       |       |       ||   129
         Skin              |       |     3 |       |       |       |       |       |       |       ||     3
         Troll leather arm |       |       |       |   173 |   137 |   801 |    33 |       |       ||  1144
         Ring mail         |       |       |       |       |       |       |   338 |   424 |   400 ||  1162
  Dodge: Dodged            |     8 |    48 |    15 |   120 |   136 |   709 |   704 |  1275 |  1068 ||  4083
  Block: Buckler           |       |       |       |       |    26 |   274 |     6 |       |       ||   306

Table legend: (Time is in decaauts)
 A = Elapsed time spent in this place.
 B = Non-inter-level travel time spent in this place.
 C = Inter-level travel time spent in this place.
 D = Time resting spent in this place.
 E = Time spent auto-exploring this place.
 F = Levels seen in this place.
 G = Mean time per level.
                   A        B        C        D        E       F      G
               +--------+--------+--------+--------+--------+-----+--------+
         Total |  75032 |  69716 |   5316 |   3460 |  52789 |  59 | 1271.7 |
       Dungeon |  16193 |  14282 |   1911 |    183 |  11623 |  15 | 1079.5 |
          Lair |   6856 |   5934 |    922 |    179 |   4678 |   5 | 1371.2 |
         Swamp |   4312 |   4080 |    232 |     25 |   3256 |   4 | 1078.0 |
   Spider Nest |   5961 |   5690 |    271 |    589 |   3889 |   4 | 1490.2 |
    Slime Pits |   2286 |   2121 |    165 |    190 |   1409 |   5 |  457.2 |
  Orcish Mines |   1109 |    937 |    172 |      0 |    714 |   2 |  554.5 |
   Elven Halls |   3259 |   2986 |    273 |    126 |   2279 |   3 | 1086.3 |
        Vaults |  11576 |  10976 |    600 |    481 |   8472 |   5 | 2315.2 |
         Crypt |   5686 |   5507 |    179 |     20 |   4490 |   3 | 1895.3 |
        Depths |   7923 |   7665 |    258 |   1013 |   5136 |   4 | 1980.8 |
           Zot |   7952 |   7621 |    331 |    642 |   5698 |   5 | 1590.4 |
         Abyss |    258 |    258 |      0 |      0 |     49 |   1 |  258.0 |
        Bailey |    396 |    396 |      0 |      0 |    247 |   1 |  396.0 |
        Wizlab |    583 |    583 |      0 |      0 |    423 |   1 |  583.0 |
      Gauntlet |    676 |    676 |      0 |     11 |    421 |   1 |  676.0 |
               +--------+--------+--------+--------+--------+-----+--------+

Top non-repeatable levels by time:
Vaults:2: 2645 daAuts
Depths:3: 2413 daAuts
Vaults:5: 2294 daAuts
Vaults:4: 2266 daAuts
Depths:1: 2249 daAuts
Vaults:1: 2201 daAuts
Vaults:3: 2169 daAuts
Depths:2: 2124 daAuts
 Crypt:2: 2045 daAuts
 Crypt:3: 1876 daAuts
   Zot:5: 1851 daAuts
 Swamp:4: 1822 daAuts
 Slime:5: 1766 daAuts
 Crypt:1: 1764 daAuts
   Zot:3: 1731 daAuts
